 Dungeon Crawl Stone Soup version 0.26-a0-651-gb41185065b (webtiles) character file.

Game seed: 11612196837359801578

12460 miket3c the Cleaver (level 11, -7/110 HPs)
             Began as a Deep Dwarf Fighter on Sept 30, 2020.
             Was a Priest of Trog.
             Engulfed by a cloud of flame (19 damage)
             ... on level 11 of the Dungeon.
             The game lasted 00:35:44 (9180 turns).

miket3c the Cleaver (Deep Dwarf Fighter)            Turns: 9180, Time: 00:35:44

Health: -7/110     AC: 28    Str: 22    XL:     11   Next: 62%
Magic:  1/1        EV:  8    Int: 10    God:    Trog [***...]
Gold:   481        SH:  0    Dex: 12    Spells: 10/10 levels left

rFire    . . .     SeeInvis .   Q - +5 battleaxe (vorpal)
rCold    . . .     Faith    .   (shield currently unavailable)
rNeg     . . .     Spirit   .   C - +0 plate armour
rPois    +         Reflect  .   S - +2 hat
rElec    .         Harm     .   P - +0 cloak
rCorr    .         Rampage  .   x - +0 pair of gloves
MR       +++..                  I - +0 pair of boots
Stlth    ..........             (no amulet)
HPRegen  1.00/turn              z - +4 ring of protection
MPRegen  0.07/turn              H - +4 ring of protection

@: non-regenerating
A: damage resistance, heal wounds, deterioration 1, mutation resistance 1, sense
surroundings 2, poison resistance, robust 1, no regeneration
a: Heal Wounds, Berserk, Trog's Hand, Renounce Religion


You were on level 11 of the Dungeon.
You worshipped Trog.
Trog was most pleased with you.
You visited 2 branches of the dungeon, and saw 12 of its levels.

You collected 890 gold pieces.
You spent 409 gold pieces at shops.

Inventory:

Hand Weapons
 a - a +0 war axe
 u - the +5 rapier "Tiep Kess" {freeze, rPois rN+ Str+3, unknown}
   (You found it on level 6 of the Dungeon)

   It has been specially enchanted to freeze those struck by it, causing extra
   injury to most foes and up to half again as much damage against particularly
   susceptible opponents.
   It can also slow down cold-blooded creatures.
   It affects your strength (+3).
   It protects you from poison.
   It protects you from negative energy.
 N - a cursed +0 flail
 O - a +0 battleaxe
 Q - a +5 vorpal battleaxe (weapon)
Missiles
 p - 451 stones (quivered)
 v - 4 javelins
 A - 13 boomerangs
Armour
 b - a +0 scale mail
 c - a +0 kite shield
 x - a +0 pair of gloves (worn)
 y - a +2 helmet
 C - a +0 plate armour (worn)
 I - a +0 pair of boots (worn)
 P - a +0 cloak (worn)
 S - a +2 hat (worn)
Jewellery
 k - an uncursed ring of fire
 z - a +4 ring of protection (left hand)
 G - a +6 ring of intelligence {unknown}
 H - a +4 ring of protection (right hand)
Wands
 w - a wand of iceblast (26)
 B - a wand of flame (33)
 D - a wand of polymorph (18)
 L - a wand of random effects (14)
Scrolls
 e - 11 scrolls of remove curse
 f - 7 scrolls of identify
 i - 9 scrolls of teleportation
 l - 4 scrolls of fear
 m - 2 scrolls of enchant armour {unknown}
 q - 2 scrolls of random uselessness
 E - a scroll of amnesia {unknown}
 F - 3 scrolls of magic mapping
 J - a scroll of fog {unknown}
 M - a scroll of immolation {unknown}
 T - 2 scrolls of blinking {unknown}
 U - a scroll of acquirement {unknown}
Potions
 d - 5 potions of might
 g - 3 potions of curing
 h - 2 potions of lignification {unknown}
 j - 4 potions of heal wounds
 n - 2 potions of stabbing {unknown}
 o - 2 potions of flight
 r - 2 potions of brilliance {unknown}
 s - a potion of invisibility {unknown}
 t - a potion of resistance {unknown}
 K - a potion of haste {unknown}
 R - a potion of cancellation {unknown}


   Skills:
 + Level 7.5 Fighting
 + Level 13.1 Axes
 + Level 1.9 Throwing
 + Level 9.3 Armour
 + Level 3.3 Dodging
 + Level 1.3 Stealth
 + Level 9.5 Shields


You had 10 spell levels left.
You didn't know any spells.
Your spell library contained the following spells:

 Spells                   Type           Power        Failure   Level
 Magic Dart               Conj           #...         99%         1
 Searing Ray              Conj           #.....       100%        2
 Dazzling Flash           Conj/Hex       #.....       100%        3
 Fulminant Prism          Conj/Hex       #.........   100%        4
 Iskenderun's Mystic Bla  Conj/Tloc      #.......     100%        4


Dungeon Overview and Level Annotations

Branches:
Dungeon (11/15)            Temple (1/1) D:5            Lair (0/6) D:10
    Orc (0/2) D:9

Altars:
Ashenzari
Cheibriados
Dithmenos
Elyvilon
Fedhas
Gozag
Hepliaklqana
Kikubaaqudgha
Makhleb
Nemelex Xobeh
Okawaru
Qazlal
Ru
Sif Muna
Trog
Uskayaw
Vehumet
Wu Jian
Xom
Yredelemnul
Zin
The Shining One

Shops:
D:8 !   D:9 ([   D:10 }!?


Innate Abilities, Weirdness & Mutations

You are resistant to damage.
You can heal yourself by infusing magical energy.
You passively map the area around you.
You do not regenerate.
Your body sometimes deteriorates upon taking damage.
You are somewhat resistant to further mutation.
Your system is resistant to poisons. (rPois)
You are robust. (+10% HP)


Message History

* * * LOW HITPOINT WARNING * * *
You are engulfed in flames!
* * * LOW HITPOINT WARNING * * *
You slice the fire crab!!
The fire crab is almost dead.
You are engulfed in blazing flames.
* * * LOW HITPOINT WARNING * * *
The fire crab breathes flames at you.
The blast of flame engulfs you but does no damage.
You closely miss the fire crab.
The fire crab is almost dead.
You are engulfed in blazing flames.
The fire crab bites you but does no damage.
The fire crab closely misses you.
You slash the fire crab!
You kill the fire crab!
Trog accepts your kill.
Your Axes skill increases to level 13!
You are engulfed in blazing flames.
You die...

....# #.........* ###.#
#......... *, #.#
#.....(...* , * * * #.#
#........, , #.#
###.#.###** ** #.# #.#.#
#.# #(#?# ##.## #?#.## *
##.#.##########.@..####
,
#.###.†>.......$........
*
##.#.###########...#####
##.## ##### ###


There were no monsters in sight!

Vanquished Creatures
  A yaktaur captain (D:9)
  A death knight (D:11)
  A tengu warrior (D:9)
  The ghost of Nuaczokh the Carver, a novice MiFi of Wu Jian (D:9)
  A two-headed ogre (D:8)
  A skeletal warrior (D:11)
  A fire crab (shapeshifter) (D:11)
  A harpy (D:9)
  An ugly thing (D:9)
  A deep elf mage (D:10)
  A freezing wraith (D:11)
  A tengu conjurer (D:9)
  2 wraiths (D:11)
  5 yaks (D:10)
  A wyvern (D:8)
  A basilisk (D:10)
  Duvessa (D:7)
  A water moccasin (D:9)
  4 porcupines (D:10)
  A black bear (D:8)
  5 orc warriors
  A phantom (D:5)
  2 ice beasts (D:8)
  A sky beast (D:9)
  5 ogres
  A centaur (D:5)
  4 big kobolds
  3 crocodiles (D:10)
  6 bullfrogs
  Dowan (D:7)
  A wyvern skeleton (D:7)
  3 scorpions
  11 killer bees
  2 howler monkeys
  2 centaur zombies
  A bullfrog zombie (D:7)
  2 quasits
  A hound (D:8)
  9 orc wizards
  A bullfrog skeleton (D:9)
  A jelly (D:10)
  6 orc priests
  A gnoll shaman (D:5)
  A centaur skeleton (D:8)
  3 iguanas
  Ijyb (D:5)
  4 worker ants
  2 hound skeletons
  2 worker ant zombies
  7 gnolls
  14 adders
  A howler monkey skeleton (D:6)
  3 shadow imps
  4 white imps
  An ufetubus (D:6)
  An ooze (D:3)
  2 adder zombies
  2 adder skeletons
  6 worms
  A dart slug (D:1)
  6 leopard geckos
  40 orcs
  2 ball pythons
  14 bats
  4 giant cockroaches
  7 hobgoblins
  8 jackals
  3 quokkas
  3 frilled lizards
  6 goblins
  21 kobolds
  11 rats
278 creatures vanquished.

Vanquished Creatures (others)
  A bat (D:2)
  2 fungi (D:10)
  2 plants (D:10)
5 creatures vanquished.

Grand Total: 283 creatures vanquished

Notes
Turn   | Place    | Note
-------+----------+-------------------------------------------
     0 | D:1      | miket3c the Deep Dwarf Fighter began the quest for the Orb.
     0 | D:1      | Reached XP level 1. HP: 20/20 MP: 1/1
   175 | D:1      | Reached XP level 2. HP: 21/27 MP: 2/2
   373 | D:1      | Reached XP level 3. HP: 22/34 MP: 3/3
   808 | D:2      | Reached skill level 3 in Axes
   927 | D:2      | Reached XP level 4. HP: 34/42 MP: 4/4
  1145 | D:2      | Found a stormy altar of Qazlal.
  1387 | D:2      | Reached skill level 4 in Axes
  1474 | D:3      | Reached XP level 5. HP: 49/49 MP: 5/5
  1712 | D:3      | Found a transporter.
  1720 | D:3      | Found a burning altar of Makhleb.
  1730 | D:3      | Reached skill level 1 in Dodging
  1746 | D:3      | Found a transporter.
  1892 | D:3      | Found a sacrificial altar of Ru.
  2063 | D:3      | Found an ancient bone altar of Kikubaaqudgha.
  2385 | D:4      | Found an opulent altar of Gozag.
  2471 | D:4      | Reached XP level 6. HP: 38/56 MP: 6/6
  2528 | D:4      | Reached skill level 1 in Stealth
  2917 | D:5      | Entered Level 5 of the Dungeon
  2951 | D:5      | Reached skill level 5 in Axes
  3069 | D:5      | Reached skill level 5 in Shields
  3069 | D:5      | Reached XP level 7. HP: 49/62 MP: 6/6
  3144 | D:5      | Found a staircase to the Ecumenical Temple.
  3174 | Temple   | Entered the Ecumenical Temple
  3416 | Temple   | Became a worshipper of Trog the Wrathful
  3478 | D:5      | Reached skill level 6 in Axes
  3645 | D:5      | Reached skill level 5 in Armour
  3715 | D:5      | Noticed Ijyb
  3725 | D:5      | Killed Ijyb
  3786 | D:5      | Reached XP level 8. HP: 20/72 MP: 4/4
  3798 | D:5      | Found a radiant altar of Vehumet.
  3855 | D:5      | Reached skill level 7 in Axes
  3891 | D:5      | Found a shadowy altar of Dithmenos.
  4212 | D:6      | Got a dazzling rapier
  4452 | D:6      | Reached * piety under Trog
  4524 | D:6      | Found a hide-covered altar of Uskayaw.
  4525 | D:6      | Noticed a +0 hand axe
  4526 | D:6      | Noticed a +0 hand axe
  5209 | D:7      | Noticed Duvessa
  5209 | D:7      | Noticed Dowan
  5220 | D:7      | Killed Duvessa
  5234 | D:7      | Killed Dowan
  5347 | D:7      | Found an ornate altar of the Wu Jian Council.
  5381 | D:7      | You fall into a shaft and drop 1 floor!
  5393 | D:8      | Reached skill level 8 in Axes
  5509 | D:8      | Gained mutation: You passively map the area around you.
                  | [Deep Dwarf growth]
  5509 | D:8      | Reached XP level 9. HP: 68/79 MP: 4/4
  5682 | D:8      | Found Wet Loqocio's Distillery.
  5704 | D:8      | Bought a potion of mutation for 104 gold pieces
  5704 | D:8      | Bought a potion of heal wounds for 65 gold pieces
  5704 | D:8      | Gained mutation: You are robust. (+10% HP) [potion of
                  | mutation]
  5704 | D:8      | Gained mutation: You occasionally shout uncontrollably at
                  | your foes. [potion of mutation]
  5704 | D:8      | Gained mutation: Your body sometimes deteriorates upon
                  | taking damage. [potion of mutation]
  5704 | D:8      | Gained mutation: Your system is resistant to poisons.
                  | (rPois) [potion of mutation]
  5872 | D:7      | Found an iron altar of Okawaru.
  6271 | D:8      | Reached skill level 1 in Throwing
  6340 | D:8      | Found a broken altar of Ashenzari.
  6364 | D:8      | Noticed a two-headed ogre
  6372 | D:8      | Killed a two-headed ogre
  6372 | D:8      | Reached skill level 5 in Fighting
  6372 | D:8      | Reached skill level 9 in Axes
  6477 | D:8      | Reached ** piety under Trog
  7022 | D:8      | Identified the Almanac of the Marlin
  7141 | D:8      | Found a shimmering altar of Xom.
  7309 | D:9      | Found a shimmering blue altar of Sif Muna.
  7381 | D:9      | Found a runed translucent gate.
  7391 | D:9      | Found a runed translucent gate.
  7391 | D:9      | Found an opulent altar of Gozag.
  7392 | D:9      | Found a runed translucent gate.
  7396 | D:9      | Noticed Nuaczokh's ghost (novice MiFi)
  7398 | D:9      | Noticed a harpy
  7399 | D:9      | Noticed a yaktaur captain
  7414 | D:9      | Noticed a cyan ugly thing
  7416 | D:9      | Noticed a tengu conjurer
  7418 | D:9      | Noticed a tengu warrior
  7437 | D:9      | Killed a cyan ugly thing
  7437 | D:9      | Reached skill level 10 in Axes
  7437 | D:9      | Reached XP level 10. HP: 85/96 MP: 4/4
  7604 | D:9      | Killed a tengu warrior
  7773 | D:9      | Found Daum's Armour Shop.
  7774 | D:9      | Found a staircase to the Orcish Mines.
  7787 | D:9      | Found Saoh's Weapon Shop.
  7806 | D:9      | Bought a +2 hat for 240 gold pieces
  8102 | D:9      | Killed a harpy
  8102 | D:9      | Reached skill level 11 in Axes
  8112 | D:9      | Killed a yaktaur captain
  8117 | D:9      | Killed Nuaczokh's ghost
  8128 | D:9      | Reached XP level 11. HP: 78/108 MP: 3/3
  8184 | D:10     | Entered Level 10 of the Dungeon
  8196 | D:10     | Noticed a deep elf mage
  8203 | D:10     | Found Jeodwyca's Distillery.
  8214 | D:10     | Killed a deep elf mage
  8233 | D:10     | Lost mutation: You occasionally shout uncontrollably at
                  | your foes. [potion of mutation]
  8233 | D:10     | Gained mutation: You are somewhat resistant to further
                  | mutation. [potion of mutation]
  8375 | D:10     | Found Jawku's Magic Scroll Shoppe.
  8412 | D:10     | Found a staircase to the Lair.
  8421 | D:10     | Reached skill level 12 in Axes
  8429 | D:10     | Reached *** piety under Trog
  8516 | D:10     | Found Iliqautsiji's Gadget Boutique.
  8947 | D:11     | Noticed a death knight
  8950 | D:11     | Noticed a skeletal warrior
  8976 | D:11     | Killed a death knight
  8994 | D:11     | Killed a skeletal warrior
  9173 | D:11     | Noticed a fire crab
  9180 | D:11     | Killed a fire crab
  9180 | D:11     | Reached skill level 13 in Axes
  9180 | D:11     | Engulfed by a cloud of flame

Illustrated notes

Levels and vault maps discovered:
D:1:      minmay_arrival_four_circles, layout_loops_ring
D:2:      layout_loops_ring, grunt_qazlal_clouds
D:3:      layout_loops_ring, nicolae_ru_the_path_less_chosen,
          gammafunk_temple_overflow_arena, lemuel_coloured_pillars_altar,
          chequers_serial_rivers_small_b
D:4:      layout_basic, grunt_gozag_statues, grunt_ministairs_14,
          chequers_serial_rivers_micro_d, grunt_decor_cap
D:5:      layout_loops_cross, lemuel_crystal_altar, kennysheep_mini_moat,
          minmay_temple_entry_mini_moons, guppyfry_early_orc_mine, uniq_ijyb
D:6:      layout_loops_ring, dancing_weapons_uskayaw, serial_co_window_serial,
          co_window_paths_a, co_window_corner_a, co_window_corner_a,
          co_window_paths_a, co_window_corner_a, co_window_of_opportunity_a,
          co_window_cross_1, co_window_corner_a, co_window_corner_a,
          co_window_of_opportunity_c, co_window_broadway_c,
          co_window_of_opportunity_c, glass_columns_a, glass_columns_c,
          glass_columns_b, lightli_orcish_oven
D:7:      layout_loops_ring, lemuel_doored_altar, kennysheep_little_box,
          uniq_duvessa
D:8:      layout_layer_cave, marbit_many_paths, old_standard_altar,
          serial_shops, shop
D:9:      layout_cave_pools, overflow_temple_1_default, orc_david_3,
          ebering_ghost_gozag, grunt_potential
D:10:     layout_loops_ring, minmay_lair_entry_grove, serial_shops, shop, shop,
          shop, grunt_ogre_cave
D:11:     layout_loops_ring, enter_bailey_2
Temple:   compressed_dpeg_triangle_lava_temple

Skill      XL: |  1  2  3  4  5  6  7  8  9 10 11 |
---------------+----------------------------------+-----
Fighting       | 3 4 5 6 7 |  7.5
Axes           | 3 4 5 6 8 10 11 13 | 13.1
Armour         | 4 5 6 7 8 9 |  9.3
Shields        | 4 5 7 8 9 |  9.5
Dodging        | 1 2 3 |  3.3
Stealth        | 1 |  1.3
Throwing       | 1 |  1.9

Action                   |  1- 3 |  4- 6 |  7- 9 | 10-12 || total
-------------------------+-------+-------+-------+-------++-------
Melee: War axe           |   141 |   233 |   446 |    77 ||   897
       Battleaxe         |       |       |       |   191 ||   191
Throw: Stone             |       |     6 |    43 |    17 ||    66
       Javelin           |       |       |     5 |       ||     5
Invok: Berserk           |       |       |     4 |     2 ||     6
       Trog's Hand       |       |       |     1 |     6 ||     7
 Abil: Heal Wounds       |     1 |     6 |    17 |    15 ||    39
  Use: Scroll            |       |       |     6 |     8 ||    14
       Potion            |       |       |     3 |     1 ||     4
Armor: Scale mail        |    78 |    83 |    71 |       ||   232
       Plate armour      |       |       |   156 |   290 ||   446
Dodge: Dodged            |    60 |    81 |   142 |   136 ||   419
Block: Kite shield       |   100 |   130 |   293 |    83 ||   606

Table legend: (Time is in decaauts)
 A = Elapsed time spent in this place.
 B = Non-inter-level travel time spent in this place.
 C = Inter-level travel time spent in this place.
 D = Time resting spent in this place.
 E = Time spent auto-exploring this place.
 F = Levels seen in this place.
 G = Mean time per level.
                   A        B        C        D        E       F      G
               +--------+--------+--------+--------+--------+-----+--------+
         Total |   9501 |   9153 |    348 |    202 |   6082 |  12 |  791.8 |
       Dungeon |   9251 |   8903 |    348 |    202 |   6082 |  11 |  841.0 |
        Temple |    250 |    250 |      0 |      0 |      0 |   1 |  250.0 |
               +--------+--------+--------+--------+--------+-----+--------+

Top non-repeatable levels by time:
     D:8: 1492 daAuts
     D:6: 1024 daAuts
     D:5: 1012 daAuts
     D:9: 959 daAuts
     D:4: 803 daAuts
     D:3: 794 daAuts
     D:1: 787 daAuts
    D:10: 740 daAuts
     D:2: 712 daAuts
     D:7: 651 daAuts
    D:11: 273 daAuts
  Temple: 250 daAuts
